[Event "FIDE Open A - Konik"]
[Site "?"]
[Date "2013.05.01"]
[Round "4.11"]
[White "Závesický, Petr"]
[Black "Oèkay, Tomás"]
[Result "0-1"]
[ECO "B10"]
[WhiteElo "1978"]
[BlackElo "2146"]
[PlyCount "74"]
[EventDate "2013.??.??"]
[TimeControl "6000+1230"]
[WhiteClock "0:31:00"]
[BlackClock "0:03:49"]

1. e4 c6 2. c4 d5 3. exd5 cxd5 4. cxd5 Nf6 5. Bb5+ Nbd7 6. Nc3 g6 7. Nf3 Bg7 8.
d4 O-O 9. O-O Nb6 10. Re1 a6 11. Bd3 Nbxd5 12. Nxd5 Nxd5 13. h3 b6 14. Bd2 Bb7
15. Rc1 e6 16. Be4 Qd6 17. Qb3 Rfc8 18. a3 Rxc1 19. Rxc1 Rd8 20. Bg5 Rb8 21.
Bh4 Qf4 22. Re1 Bxd4 23. g3 Qh6 24. Nxd4 g5 25. Bxd5 Bxd5 26. Qe3 f6 27. Rc1
Qh5 28. Nxe6 Re8 29. Nf4 Qf7 30. Qxb6 Ba8 31. Qd4 gxh4 32. Kh2 hxg3+ 33. Kxg3
Kh8 34. Kh2 Qe7 35. Nh5 Rg8 36. Nf4 Qe5 37. Qxe5 fxe5 0-1

[Event "FIDE Open A - Konik"]
[Site "?"]
[Date "2013.05.01"]
[Round "4.12"]
[White "Kondula, Lukás"]
[Black "Kolár, Stanislav"]
[Result "1-0"]
[ECO "B15"]
[WhiteElo "1968"]
[BlackElo "2139"]
[PlyCount "47"]
[EventDate "2013.??.??"]
[TimeControl "6000+560"]
[WhiteClock "0:45:13"]
[BlackClock "0:51:36"]

1. e4 c6 2. d4 d5 3. Nc3 b5 4. exd5 b4 5. Nce2 cxd5 6. Nf4 Nf6 7. Nf3 e6 8.
Bb5+ Bd7 9. Bd3 Nc6 10. Qe2 Bd6 11. c3 Qc7 12. g3 O-O 13. O-O Rfe8 14. Ng5 Re7
15. Nh5 Ne8 16. Bxh7+ Kf8 17. Qf3 Rc8 18. Bg6 e5 19. Bxf7 Nf6 20. Nxf6 Rxf7 21.
Nfh7+ Kg8 22. Qxf7+ Kh8 23. Nf6 Bg4 24. Nxg4 1-0

[Event "FIDE Open A - Konik"]
[Site "?"]
[Date "2013.05.01"]
[Round "4.13"]
[White "Záleský, Karel"]
[Black "Richterová, Natasa"]
[Result "1-0"]
[ECO "C26"]
[WhiteElo "2100"]
[BlackElo "1954"]
[PlyCount "81"]
[EventDate "2013.??.??"]
[TimeControl "6000+865"]
[WhiteClock "0:15:48"]
[BlackClock "0:01:10"]

1. e4 Nf6 2. Nc3 e5 3. g3 Bc5 4. Bg2 d6 5. Na4 Bg4 6. f3 Be6 7. Nxc5 dxc5 8. d3
Nc6 9. Be3 Qe7 10. Nh3 h6 11. Nf2 Nd7 12. O-O g5 13. c3 Nb6 14. Qe2 O-O-O 15.
Rfd1 h5 16. a3 Bb3 17. Rd2 Kb8 18. Rc1 Rhg8 19. Nd1 g4 20. f4 f6 21. Qf2 Na4
22. c4 Nd4 23. Nc3 Qg7 24. Rf1 Rdf8 25. Nd5 c6 26. Nc3 h4 27. Bxd4 cxd4 28.
Nxa4 Bxa4 29. gxh4 f5 30. Qg3 Qh6 31. Rdf2 fxe4 32. Bxe4 exf4 33. Rxf4 Rxf4 34.
Qxf4+ Qxf4 35. Rxf4 Rg7 36. h5 g3 37. Rf8+ Kc7 38. h6 gxh2+ 39. Kxh2 Rg5 40. h7
Rh5+ 41. Kg3 1-0

[Event "FIDE Open A - Konik"]
[Site "?"]
[Date "2013.05.01"]
[Round "4.14"]
[White "Miculka, David"]
[Black "Marecková, Martina"]
[Result "1-0"]
[ECO "C72"]
[WhiteElo "1877"]
[BlackElo "2095"]
[PlyCount "99"]
[EventDate "2013.??.??"]
[TimeControl "6000+850"]
[WhiteClock "0:22:53"]
[BlackClock "0:24:53"]

1. e4 e5 2. Nf3 Nc6 3. Bb5 a6 4. Ba4 d6 5. O-O Bd7 6. c3 g6 7. d4 Bg7 8. Re1
Nge7 9. Be3 O-O 10. Nbd2 Kh8 11. dxe5 dxe5 12. Qe2 Qe8 13. Rad1 Nd4 14. cxd4
Bxa4 15. b3 exd4 16. Nxd4 c5 17. N4f3 Bb5 18. Nc4 Qc6 19. a4 Bxc4 20. Qxc4 Rac8
21. Ng5 Kg8 22. Rc1 Bd4 23. h4 b5 24. axb5 axb5 25. Qd3 Bxe3 26. Qxe3 c4 27.
bxc4 bxc4 28. e5 Nf5 29. Qf4 f6 30. Nf3 c3 31. h5 Qc7 32. Qg4 Nh6 33. Qg3 Nf5
34. Qg4 Nh6 35. Qd4 fxe5 36. Rxe5 Nf5 37. Qg4 Nh6 38. Qg3 Rxf3 39. gxf3 Nf5 40.
Re8+ Kf7 41. Rxc8 Qxc8 42. hxg6+ hxg6 43. Qe5 c2 44. Qe4 Nd6 45. Rxc2 Nxe4 46.
Rxc8 Nd6 47. Rc5 Nf5 48. Kg2 Kf6 49. f4 Nd4 50. Kg3 1-0

[Event "FIDE Open A - Konik"]
[Site "?"]
[Date "2013.05.01"]
[Round "4.16"]
[White "Hastík, Svatopluk"]
[Black "Nowak, Maciej"]
[Result "1/2-1/2"]
[ECO "D30"]
[WhiteElo "2034"]
[BlackElo "1975"]
[PlyCount "70"]
[EventDate "2013.??.??"]
[TimeControl "6000+1810"]
[WhiteClock "0:16:15"]
[BlackClock "0:01:16"]

1. d4 Nf6 2. Nf3 e6 3. Bg5 d5 4. c4 h6 5. Bxf6 Qxf6 6. e3 c6 7. Nc3 Bd6 8. Rc1
O-O 9. Qc2 b6 10. e4 dxe4 11. Qxe4 Qf4 12. Qxf4 Bxf4 13. Rd1 Nd7 14. Bd3 Bb7
15. O-O Rfd8 16. Rfe1 Kf8 17. Ne5 Bg5 18. g3 Be7 19. Be4 Nxe5 20. dxe5 Bb4 21.
Re3 Ke8 22. a3 Bc5 23. Ree1 Rxd1 24. Rxd1 Rd8 25. Kf1 Rxd1+ 26. Nxd1 Bd4 27. f4
Kd7 28. b4 a5 29. Ke2 axb4 30. axb4 Ba6 31. Bd3 f5 32. h4 Kc7 33. b5 Bc8 34.
Ne3 Bxe3 35. Kxe3 h5 1/2-1/2

[Event "FIDE Open A - Konik"]
[Site "?"]
[Date "2013.05.01"]
[Round "4.1"]
[White "Maltsev, Leonid"]
[Black "Ling, Bronislav"]
[Result "1/2-1/2"]
[ECO "C15"]
[WhiteElo "1989"]
[BlackElo "2003"]
[PlyCount "80"]
[EventDate "2013.??.??"]
[TimeControl "6000+635"]
[WhiteClock "0:01:25"]
[BlackClock "0:16:55"]

1. e4 e6 2. d4 d5 3. Nc3 Bb4 4. Nge2 dxe4 5. a3 Be7 6. Nxe4 Nd7 7. Be3 Ngf6 8.
N2g3 O-O 9. Bd3 Nxe4 10. Nxe4 Nf6 11. Nxf6+ Bxf6 12. O-O Bd7 13. Qe2 Bc6 14.
Rad1 Qe7 15. Rfe1 Rad8 16. c4 b6 17. Qc2 g6 18. d5 Bd7 19. c5 Bc8 20. Bc4 Rfe8
21. Bb5 Bd7 22. d6 cxd6 23. c6 Bc8 24. c7 Rd7 25. Bxd7 Qxd7 26. Bf4 e5 27. Bd2
Bb7 28. f3 Rc8 29. Rc1 d5 30. Kh1 Bg7 31. Bg5 f6 32. Bh4 g5 33. Bg3 Bf8 34. Re3
Bd6 35. Rc3 d4 36. Qb3+ Kg7 37. R3c2 h5 38. h3 g4 39. Kh2 Rh8 40. Kh1 Bxc7
1/2-1/2

[Event "FIDE Open A - Konik"]
[Site "?"]
[Date "2013.05.01"]
[Round "4.2"]
[White "Vícha, Martin"]
[Black "Zárský, Kamil"]
[Result "0-1"]
[ECO "B10"]
[WhiteElo "1888"]
[BlackElo "2033"]
[PlyCount "66"]
[EventDate "2013.??.??"]
[TimeControl "6000+645"]
[WhiteClock "0:46:02"]
[BlackClock "0:34:30"]

1. e4 c6 2. Nf3 d5 3. exd5 cxd5 4. d4 Nc6 5. a3 Bg4 6. Be2 e6 7. O-O Nf6 8. Be3
Bd6 9. Nbd2 Rc8 10. c4 O-O 11. c5 Bb8 12. b4 a6 13. Re1 Ne4 14. Qc2 f5 15. Nb3
Qf6 16. Rad1 g5 17. Bc1 Qh6 18. g3 f4 19. gxf4 Bxf4 20. Bxf4 Rxf4 21. Qd3 Rcf8
22. Nbd2 Nxd2 23. Nxd2 Rxf2 24. Nf1 Bh3 25. Qg3 Rg2+ 26. Qxg2 Bxg2 27. Kxg2 Qh4
28. Ng3 Nxd4 29. Rc1 g4 30. a4 Qh3+ 31. Kg1 Nf3+ 32. Bxf3 gxf3 33. Rf1 Qg2# 0-1

[Event "FIDE Open A - Konik"]
[Site "?"]
[Date "2013.05.01"]
[Round "5.1"]
[White "Zárský, Kamil"]
[Black "Závesický, Petr"]
[Result "1/2-1/2"]
[ECO "A34"]
[WhiteElo "2033"]
[BlackElo "1978"]
[PlyCount "70"]
[EventDate "2013.??.??"]
[TimeControl "6000+885"]
[WhiteClock "0:18:04"]
[BlackClock "0:24:49"]

1. c4 c5 2. Nc3 Nf6 3. g3 Nc6 4. Bg2 g6 5. e3 Bg7 6. Nge2 d6 7. O-O O-O 8. d4
cxd4 9. exd4 Bg4 10. h3 Bd7 11. Be3 Qc8 12. Kh2 e5 13. b3 a6 14. Rc1 Ne7 15.
Nd5 Qd8 16. Nxe7+ Qxe7 17. Qd2 Rfe8 18. Bxb7 Bxh3 19. Bxa8 Bxf1 20. Bc6 Bxe2
21. Bxe8 Bf3 22. Bxf7+ Qxf7 23. dxe5 Ng4+ 24. Kg1 Nxe5 25. Qxd6 Qb7 26. Qe6+
Nf7 27. c5 Qc6 28. Qxc6 Bxc6 29. Rd1 Ne5 30. Rd8+ Kf7 31. a4 Bf6 32. Rd1 Nf3+
33. Kf1 Nh2+ 34. Kg1 Nf3+ 35. Kf1 Nh2+ 1/2-1/2

[Event "FIDE Open A - Konik"]
[Site "?"]
[Date "2013.05.01"]
[Round "5.2"]
[White "Richterová, Natasa"]
[Black "Kuciel, Wladyslaw"]
[Result "1/2-1/2"]
[ECO "B31"]
[WhiteElo "1954"]
[BlackElo "2033"]
[PlyCount "113"]
[EventDate "2013.??.??"]
[TimeControl "6000+425"]
[WhiteClock "0:23:31"]
[BlackClock "0:51:45"]

1. e4 c5 2. Nf3 Nc6 3. Bb5 g6 4. Bxc6 dxc6 5. d3 Bg7 6. h3 Nf6 7. Nc3 O-O 8.
Be3 b6 9. Qd2 Re8 10. O-O-O e5 11. g4 Qd6 12. Rdg1 b5 13. Nh2 c4 14. dxc4 Qxd2+
15. Bxd2 b4 16. Nd1 Nxe4 17. Bxb4 Bh6+ 18. Kb1 a5 19. Bc3 Bd2 20. Bxd2 Nxd2+
21. Kc1 Nxc4 22. Nc3 f5 23. b3 Nb6 24. gxf5 Bxf5 25. h4 Nd5 26. Kb2 Rad8 27.
Nxd5 cxd5 28. Rd1 Rc8 29. Rd2 d4 30. Rc1 Rc3 31. f3 Rec8 32. Ng4 R8c5 33. Nh6+
Kf8 34. Nxf5 gxf5 35. f4 exf4 36. Rxd4 f3 37. Rf4 Ke7 38. Rxf5 Rxc2+ 39. Rxc2
Rxf5 40. Rf2 Ke6 41. Kc2 Ke5 42. Kd1 Kf4 43. Ke1 Rc5 44. Rd2 Ke3 45. Rd1 Rc2
46. Kf1 Rxa2 47. Re1+ Re2 48. Rc1 Rb2 49. Rc3+ Kf4 50. Rc5 Rxb3 51. Rxa5 Kg3
52. Rg5+ Kxh4 53. Rg7 h5 54. Kf2 Ra3 55. Rg8 Kh3 56. Rg3+ Kh2 57. Rxf3 1/2-1/2

[Event "FIDE Open A - Konik"]
[Site "?"]
[Date "2013.05.01"]
[Round "5.3"]
[White "Marecková, Martina"]
[Black "Vícha, Martin"]
[Result "1/2-1/2"]
[ECO "C53"]
[WhiteElo "2095"]
[BlackElo "1888"]
[PlyCount "110"]
[EventDate "2013.??.??"]
[TimeControl "6000+455"]
[WhiteClock "0:28:01"]
[BlackClock "1:36:19"]

1. e4 e5 2. Nf3 Nc6 3. Bc4 Bc5 4. c3 d6 5. d3 h6 6. Nbd2 a6 7. Bb3 Nge7 8. Nf1
Bg4 9. h3 Bh5 10. Be3 Bxe3 11. fxe3 Na5 12. Bc2 b5 13. d4 Bxf3 14. Qxf3 Ng6 15.
Ng3 O-O 16. Nf5 Nh4 17. Qf2 Nxf5 18. exf5 f6 19. O-O Qe7 20. g4 e4 21. Kh1 d5
22. Rg1 Nc4 23. b3 Nd6 24. h4 c6 25. Bd1 Ra7 26. Be2 Qd7 27. Bf1 Nf7 28. Bh3
Qd6 29. Qe2 c5 30. Rac1 c4 31. Rc2 Rb8 32. Qf2 Rc7 33. Rb1 Rbc8 34. b4 Ra7 35.
Rcb2 Rca8 36. Bf1 a5 37. bxa5 Rxa5 38. Rxb5 Rxa2 39. R5b2 Ra1 40. Kg2 Rxb1 41.
Rxb1 Rb8 42. Rb2 Rb6 43. Qc2 Qb8 44. Rxb6 Qxb6 45. Be2 Qa5 46. Kf2 Qc7 47. Kg2
Qb7 48. Kf2 Nd6 49. Ke1 Kf7 50. Kd2 g6 51. fxg6+ Kxg6 52. Qc1 Qb8 53. Qa3 Qb6
54. Qa8 Qb2+ 55. Kd1 Qb1+ 1/2-1/2

[Event "FIDE Open A - Konik"]
[Site "?"]
[Date "2013.05.01"]
[Round "5.1"]
[White "Plát, Vojtech"]
[Black "Krejcí, Jan"]
[Result "1-0"]
[ECO "A40"]
[WhiteElo "2463"]
[BlackElo "2491"]
[PlyCount "77"]
[EventDate "2013.??.??"]
[TimeControl "6000+970"]
[WhiteClock "0:09:24"]
[BlackClock "0:20:53"]

1. d4 e6 2. Nf3 Nf6 3. g3 b5 4. Bg2 Bb7 5. O-O Be7 6. a4 a6 7. Bg5 O-O 8. Nbd2
d6 9. c3 Nbd7 10. Re1 h6 11. Bxf6 Bxf6 12. Qc2 Qb8 13. Nb3 Ra7 14. e4 c5 15.
dxc5 Nxc5 16. axb5 axb5 17. Nfd4 Rxa1 18. Rxa1 b4 19. cxb4 Nxb3 20. Nxb3 Rc8
21. Qd2 Bg5 22. Qd3 Bc6 23. Nd4 Be8 24. b5 Rc5 25. h4 Bd8 26. Bf1 Bf6 27. b4
Rc8 28. Ra6 Rc1 29. Nc6 Qb7 30. Ra7 Qc8 31. Qd2 Rxf1+ 32. Kxf1 Bxc6 33. bxc6
Qxc6 34. Qd3 g5 35. hxg5 hxg5 36. b5 Qc1+ 37. Kg2 Qb2 38. Qf3 Kg7 39. Qh5 1-0

[Event "FIDE Open A - Konik"]
[Site "?"]
[Date "2013.05.01"]
[Round "5.2"]
[White "Kutynec, Vladimir"]
[Black "Khaetsky, Roman"]
[Result "0-1"]
[ECO "A04"]
[WhiteElo "2290"]
[BlackElo "2426"]
[PlyCount "56"]
[EventDate "2013.??.??"]
[TimeControl "6000+1790"]
[WhiteClock "0:13:17"]
[BlackClock "0:24:32"]

1. Nf3 f5 2. g3 Nf6 3. Bg2 g6 4. b4 Bg7 5. Bb2 d6 6. d4 Ne4 7. Nfd2 c5 8. Nxe4
fxe4 9. Nd2 cxd4 10. Nxe4 Qb6 11. a3 a5 12. O-O Nc6 13. e3 axb4 14. axb4 Rxa1
15. Qxa1 O-O 16. Ng5 h6 17. Qa2+ Kh8 18. Bxc6 hxg5 19. Bg2 dxe3 20. Bxg7+ Kxg7
21. Qa1+ e5 22. fxe3 Qxe3+ 23. Kh1 Rf2 24. c4 Rd2 25. Qa8 Qe2 26. Rg1 Qxc4 27.
Bxb7 d5 28. Re1 Qc2 0-1

[Event "FIDE Open A - Konik"]
[Site "?"]
[Date "2013.05.01"]
[Round "5.3"]
[White "Obrusnik, Michal"]
[Black "Simantsev, Mikhail"]
[Result "0-1"]
[ECO "B43"]
[WhiteElo "2243"]
[BlackElo "2449"]
[PlyCount "92"]
[EventDate "2013.??.??"]
[TimeControl "6000+1290"]
[WhiteClock "0:07:08"]
[BlackClock "0:05:13"]

1. e4 c5 2. Nf3 e6 3. d4 cxd4 4. Nxd4 a6 5. Nc3 b5 6. Bd3 Qb6 7. Nf3 Qc7 8. O-O
Bb7 9. Re1 Be7 10. Bd2 Nc6 11. a4 b4 12. Ne2 Nf6 13. Ned4 Nxd4 14. Nxd4 Bd6 15.
Nf3 Bc5 16. h3 d5 17. e5 Ne4 18. Be3 O-O 19. Bxc5 Qxc5 20. Qe2 f6 21. Qe3 Qc7
22. exf6 gxf6 23. Nd4 Rae8 24. Bxe4 dxe4 25. Qb3 Qb6 26. Rad1 Kh8 27. c3 a5 28.
cxb4 Bd5 29. Qc3 axb4 30. Qe3 Rg8 31. Nc2 Qd6 32. Qd4 Qf4 33. Qe3 Qh4 34. Nxb4
Ba8 35. Kh2 f5 36. g3 Qh5 37. Rd7 e5 38. Qe2 Qg6 39. Red1 f4 40. g4 e3 41. fxe3
Qe4 42. Nd5 fxe3 43. Nxe3 Qf4+ 44. Kg1 Qg3+ 45. Ng2 Qxh3 46. Rd8 Bf3 0-1

[Event "FIDE Open A - Konik"]
[Site "?"]
[Date "2013.05.01"]
[Round "5.4"]
[White "Kubeczka, Ales"]
[Black "Kociscak, Jiri"]
[Result "1-0"]
[ECO "A59"]
[WhiteElo "2032"]
[BlackElo "2424"]
[PlyCount "139"]
[EventDate "2013.??.??"]
[TimeControl "6000+1835"]
[WhiteClock "0:02:07"]
[BlackClock "0:01:01"]

1. d4 Nf6 2. c4 c5 3. d5 b5 4. cxb5 a6 5. bxa6 g6 6. Nc3 Bxa6 7. e4 Bxf1 8.
Kxf1 d6 9. Nf3 Bg7 10. g3 O-O 11. Kg2 Na6 12. Qe2 Nc7 13. a4 Ra6 14. Bd2 Qa8
15. Rhb1 Rb8 16. Be1 e6 17. dxe6 fxe6 18. e5 dxe5 19. Kg1 e4 20. Ng5 Rb4 21.
Qe3 Rd4 22. a5 h6 23. Nh3 Ng4 24. Qe2 Ne5 25. Nd1 Nf3+ 26. Kg2 Rd3 27. Bc3 Nd4
28. Bxd4 cxd4 29. Kg1 g5 30. Rc1 Nb5 31. f3 g4 32. fxe4 Rxd1+ 33. Rxd1 gxh3 34.
Qxb5 Qxe4 35. Rd2 Ra8 36. Qe2 Qd5 37. Re1 Re8 38. b4 Qb3 39. Rb2 Qc3 40. Qd2 d3
41. Qxc3 Bxc3 42. Rbb1 Bd4+ 43. Kh1 e5 44. Rbd1 Bc3 45. Re4 Rb8 46. a6 Bd4 47.
a7 Bxa7 48. Rxd3 Bd4 49. Rb3 Kf7 50. Rh4 Kg6 51. Rxh3 e4 52. Kg2 Re8 53. Kf1
Rf8+ 54. Ke1 Ra8 55. Rb1 Ra2 56. Rh4 Bc3+ 57. Kf1 Kf5 58. Rf4+ Ke5 59. Rf2 Ra8
60. b5 e3 61. Rf7 Ke4 62. Re7+ Kf3 63. Rf7+ Ke4 64. b6 Ra2 65. b7 e2+ 66. Kg1
Bd4+ 67. Kh1 Rb2 68. Re7+ Be5 69. Re1 Kd4 70. Rxe5 1-0

[Event "FIDE Open A - Konik"]
[Site "?"]
[Date "2013.05.01"]
[Round "5.5"]
[White "Zwardon, Vojtech"]
[Black "Dolezal, Radoslav"]
[Result "0-1"]
[ECO "A13"]
[WhiteElo "2417"]
[BlackElo "2358"]
[PlyCount "68"]
[EventDate "2013.??.??"]
[TimeControl "6000+800"]
[WhiteClock "0:49:39"]
[BlackClock "0:08:56"]

1. c4 e6 2. Nf3 d5 3. e3 Nf6 4. b3 Be7 5. Bb2 O-O 6. Be2 c5 7. O-O b6 8. cxd5
Nxd5 9. d4 Bb7 10. Nbd2 Nc6 11. Nc4 Rc8 12. Rc1 cxd4 13. Nxd4 Ndb4 14. a3 Nxd4
15. Bxd4 Nc6 16. Bf3 b5 17. Bxc6 Rxc6 18. Qg4 g6 19. Ne5 Rxc1 20. Rxc1 Bxa3 21.
Rd1 Qc7 22. h4 Bd6 23. f4 Qc2 24. Rf1 h5 25. Qg3 Rc8 26. Rf2 Qb1+ 27. Kh2 Rc1
28. Qg5 Rh1+ 29. Kg3 Bxg2 30. Qd8+ Kh7 31. Kxg2 Qg1+ 32. Kf3 Qd1+ 33. Kg2 Bxe5
34. Qa8 Rxh4 0-1

[Event "FIDE Open A - Konik"]
[Site "?"]
[Date "2013.05.01"]
[Round "5.6"]
[White "Hausner, Ivan"]
[Black "Jaworski, Miroslaw"]
[Result "1-0"]
[ECO "A62"]
[WhiteElo "2395"]
[BlackElo "2286"]
[PlyCount "113"]
[EventDate "2013.??.??"]
[TimeControl "6000+835"]
[WhiteClock "1:28:19"]
[BlackClock "0:07:28"]

1. d4 Nf6 2. c4 e6 3. g3 c5 4. d5 exd5 5. cxd5 d6 6. Nc3 g6 7. Bg2 Bg7 8. Nf3
O-O 9. O-O a6 10. a4 Nbd7 11. Bf4 Qe7 12. Qd2 Nh5 13. Bg5 f6 14. Be3 Ne5 15.
Nxe5 Qxe5 16. Bh6 f5 17. Bxg7 Nxg7 18. f4 Qf6 19. e4 fxe4 20. Nxe4 Bd7 21. Rfe1
Rfe8 22. Qe3 Qf8 23. Qc3 Nh5 24. b4 Bf5 25. bxc5 Bxe4 26. Bxe4 dxc5 27. d6 Qxd6
28. Bxb7 Rxe1+ 29. Rxe1 Ra7 30. Bf3 Nf6 31. Qc4+ Kg7 32. Re6 Qd7 33. Rc6 Rb7
34. Qc3 Qd4+ 35. Qxd4 cxd4 36. Rxa6 Rb1+ 37. Kf2 Rb2+ 38. Ke1 Rb1+ 39. Ke2 Rb2+
40. Kf1 Rb1+ 41. Ke2 Rb2+ 42. Kd1 Rb3 43. Ra7+ Kf8 44. Bc6 Rc3 45. Bb5 d3 46.
Ra8+ Ke7 47. a5 Ra3 48. a6 Nd5 49. Kd2 Nc7 50. Ra7 Kd6 51. Bxd3 Ra2+ 52. Ke3
Nd5+ 53. Kf3 Ra3 54. Ke2 Nb4 55. Be4 Ra2+ 56. Kf3 Rxh2 57. Rb7 1-0

[Event "FIDE Open A - Konik"]
[Site "?"]
[Date "2013.05.01"]
[Round "5.7"]
[White "Plischki, Sebastian"]
[Black "Bartos, Jan"]
[Result "1-0"]
[ECO "A13"]
[WhiteElo "2389"]
[BlackElo "2160"]
[PlyCount "99"]
[EventDate "2013.??.??"]
[TimeControl "6000+1390"]
[WhiteClock "0:20:18"]
[BlackClock "0:21:17"]

1. c4 e6 2. g3 d5 3. Bg2 dxc4 4. Qa4+ c6 5. Qxc4 b5 6. Qc2 Bb7 7. Nh3 Nd7 8.
O-O Ngf6 9. d4 Rc8 10. Rd1 Qb6 11. e4 e5 12. dxe5 Nxe5 13. Bf4 Nfd7 14. Qc3 Qc5
15. Ng5 Qxc3 16. Nxc3 Bc5 17. Rac1 h6 18. Nf3 f6 19. Nxe5 Nxe5 20. Na4 Bxf2+
21. Kxf2 bxa4 22. Rc5 O-O 23. Bxe5 fxe5+ 24. Ke3 Rcd8 25. Rxd8 Rxd8 26. Rxe5
Ba6 27. Re7 Rd3+ 28. Kf4 Rd2 29. Bh3 Bc4 30. Rxa7 Bxa2 31. Rxa4 Bf7 32. Ra8+
Kh7 33. Bf5+ Bg6 34. b4 Bxf5 35. Kxf5 Rxh2 36. e5 Rf2+ 37. Ke6 Kg6 38. Kd6 Rb2
39. e6 Rxb4 40. e7 Re4 41. e8=Q+ Rxe8 42. Rxe8 Kf5 43. Kc5 Kg4 44. Kd4 Kxg3 45.
Ke3 g5 46. Rh8 g4 47. Rxh6 c5 48. Rc6 Kh2 49. Kf4 g3 50. Rh6+ 1-0

[Event "FIDE Open A - Konik"]
[Site "?"]
[Date "2013.05.01"]
[Round "5.8"]
[White "Heinzel, Olaf"]
[Black "Zabystrzan, Pavel"]
[Result "1-0"]
[ECO "A45"]
[WhiteElo "2371"]
[BlackElo "2308"]
[PlyCount "81"]
[EventDate "2013.??.??"]
[TimeControl "6000+1570"]
[WhiteClock "0:03:26"]
[BlackClock "0:01:24"]

1. d4 Nf6 2. Bf4 d6 3. e3 g6 4. Be2 Bg7 5. Nd2 Nbd7 6. Ngf3 O-O 7. O-O b6 8. h3
Bb7 9. a4 a6 10. Re1 Qe8 11. Bh2 e5 12. Nc4 Ne4 13. c3 Qe7 14. Qb3 Kh8 15. Rad1
Ng5 16. Nxg5 Qxg5 17. Bf1 Rad8 18. Nd2 Qe7 19. a5 b5 20. c4 Rb8 21. cxb5 axb5
22. Qc2 c6 23. dxe5 Nxe5 24. f4 Nd7 25. Nb3 Rfd8 26. e4 Nc5 27. Nd4 Rbc8 28.
Kh1 Ne6 29. Nf3 Nc7 30. f5 gxf5 31. e5 dxe5 32. Rxd8+ Rxd8 33. Nxe5 Qf6 34.
Nxc6 Re8 35. Rxe8+ Nxe8 36. Bxb5 f4 37. a6 Ba8 38. a7 Nd6 39. Be2 Nc8 40. Bf3
Bxc6 41. a8=Q 1-0

[Event "FIDE Open A - Konik"]
[Site "?"]
[Date "2013.05.01"]
[Round "5.9"]
[White "Slanina, Miroslav"]
[Black "Berzinsh, Roland"]
[Result "0-1"]
[ECO "A46"]
[WhiteElo "2162"]
[BlackElo "2411"]
[PlyCount "112"]
[EventDate "2013.??.??"]
[TimeControl "6000+965"]
[WhiteClock "0:00:47"]
[BlackClock "0:08:41"]

1. d4 Nf6 2. Nf3 e6 3. Bf4 b6 4. e3 Bb7 5. Nbd2 Be7 6. h3 O-O 7. Be2 d6 8. O-O
Nbd7 9. c3 Re8 10. a4 a6 11. Bh2 Bf8 12. Qb3 h6 13. Rfd1 Qb8 14. Bc4 Qa7 15.
Qa2 Rac8 16. Rac1 Qa8 17. Qb3 g6 18. Be2 Bg7 19. Qc2 Re7 20. Qb3 e5 21. dxe5
dxe5 22. Nc4 Rce8 23. Qa3 Ne4 24. Ncd2 Nec5 25. Nb3 Nxb3 26. Qxb3 Nc5 27. Qa3
a5 28. b4 axb4 29. cxb4 Qxa4 30. Qxa4 Nxa4 31. Bb5 Ra8 32. Ra1 e4 33. Nd4 Nc3
34. Rxa8+ Bxa8 35. Ra1 Bd5 36. Bc6 Bxd4 37. Ra8+ Kg7 38. Bxd5 Nxd5 39. exd4
Nxb4 40. Rc8 Nd5 41. Rd8 e3 42. fxe3 Nxe3 43. d5 Nc4 44. Kf2 h5 45. Rc8 Ne3 46.
Rd8 Nc4 47. Bf4 Kf6 48. g4 hxg4 49. hxg4 Ne5 50. g5+ Kf5 51. Kg3 Rd7 52. Rc8
Rxd5 53. Bxe5 Rxe5 54. Rxc7 Ke6 55. Rc6+ Kd5 56. Rxb6 Rxg5+ 0-1

[Event "FIDE Open A - Konik"]
[Site "?"]
[Date "2013.05.01"]
[Round "5.10"]
[White "Michenka, Jozef"]
[Black "Karhánek, Pavel"]
[Result "1/2-1/2"]
[ECO "D15"]
[WhiteElo "2355"]
[BlackElo "2030"]
[PlyCount "84"]
[EventDate "2013.??.??"]
[TimeControl "6000+2310"]
[WhiteClock "0:00:57"]
[BlackClock "0:20:39"]

1. d4 d5 2. c4 c6 3. Nc3 Nf6 4. Nf3 a6 5. c5 Bf5 6. Qb3 Qc8 7. Bf4 Nbd7 8. h3
e6 9. e3 Be7 10. Be2 O-O 11. O-O h6 12. Bh2 Re8 13. Rac1 Bd8 14. Na4 Bc7 15.
Ne5 Nxe5 16. dxe5 Nd7 17. Bh5 Rb8 18. Qc3 Qd8 19. Be2 f6 20. exf6 Bxh2+ 21.
Kxh2 Nxf6 22. Qe5 Nd7 23. Qg3 Qf6 24. f3 Qe5 25. Qxe5 Nxe5 26. g4 Bd3 27. Bxd3
Nxd3 28. Rc3 Ne5 29. Nb6 Re7 30. Kg3 Rf8 31. f4 Ng6 32. h4 Rd8 33. h5 Nf8 34.
Rd3 Nh7 35. e4 Nf6 36. Re1 Rde8 37. exd5 exd5 38. Rxe7 Rxe7 39. b4 Re1 40. g5
hxg5 41. fxg5 Ne4+ 42. Kf4 Kf7 1/2-1/2

[Event "FIDE Open A - Konik"]
[Site "?"]
[Date "2013.05.01"]
[Round "5.11"]
[White "Firt, Stanislav"]
[Black "Bures, Martin"]
[Result "1-0"]
[ECO "C10"]
[WhiteElo "2260"]
[BlackElo "2147"]
[PlyCount "133"]
[EventDate "2013.??.??"]
[TimeControl "6000+635"]
[WhiteClock "1:04:41"]
[BlackClock "0:00:50"]

1. e4 e6 2. d4 d5 3. Nc3 dxe4 4. Nxe4 Bd7 5. Nf3 Bc6 6. Bd3 Nd7 7. O-O Ngf6 8.
Ng3 Bxf3 9. Qxf3 c6 10. b3 Qa5 11. c4 Ba3 12. Be3 O-O 13. Rad1 Rad8 14. Bb1 Bd6
15. Bd2 Bb4 16. Bf4 Rfe8 17. Ne4 Nxe4 18. Qxe4 Nf6 19. Qc2 Bd6 20. Bc1 Qh5 21.
h3 e5 22. dxe5 Qxe5 23. g3 Qh5 24. Qf5 Qxf5 25. Bxf5 h6 26. Bb1 Be5 27. Rfe1
Rxd1 28. Rxd1 c5 29. Kf1 Bd4 30. Re1 Kf8 31. Bd2 Rxe1+ 32. Bxe1 Ke7 33. Ke2 Kd6
34. f4 b6 35. g4 Ke6 36. Kf3 g6 37. Bg3 Kd7 38. f5 g5 39. Be4 Nxe4 40. Kxe4 f6
41. Kd5 Be3 42. Bd6 Bd2 43. Bf8 Bf4 44. a3 Bc1 45. b4 Bxa3 46. b5 Bb2 47. Bxh6
Ke7 48. Kc6 Kf7 49. Kb7 Bc3 50. Kxa7 Ba5 51. Kb7 Kg8 52. Kc6 Kf7 53. Kc7 Kg8
54. Kb7 Kf7 55. Kc6 Kg8 56. Kd5 Kf7 57. h4 gxh4 58. Bf4 Bc3 59. g5 fxg5 60.
Bxg5 h3 61. Bf4 Kf6 62. Ke4 Bd4 63. Bc7 Bg1 64. Bd8+ Kf7 65. Kf3 h2 66. Kg2 Kg7
67. Bxb6 1-0

[Event "FIDE Open A - Konik"]
[Site "?"]
[Date "2013.05.01"]
[Round "5.12"]
[White "Krouzel, Jaroslav"]
[Black "Minko, Vladimir"]
[Result "0-1"]
[ECO "D04"]
[WhiteElo "2153"]
[BlackElo "2252"]
[PlyCount "76"]
[EventDate "2013.??.??"]
[TimeControl "6000+775"]
[WhiteClock "0:00:39"]
[BlackClock "0:20:13"]

1. d4 d5 2. Nf3 Nf6 3. e3 c5 4. c3 Nc6 5. Bd3 Bg4 6. h3 Bh5 7. Nbd2 e6 8. O-O
Bd6 9. Qe2 cxd4 10. exd4 O-O 11. g4 Bg6 12. Bxg6 hxg6 13. Ne5 Bxe5 14. dxe5 Nd7
15. Nf3 Qc7 16. Bf4 Nc5 17. Rae1 Ne4 18. Nd2 f5 19. f3 Nxd2 20. Qxd2 Rad8 21.
gxf5 Rxf5 22. Bg5 Qb6+ 23. Kh1 Rdf8 24. f4 Nxe5 25. Qg2 Nc4 26. Qe2 Re8 27. Rg1
Nd6 28. Qg2 Ne4 29. Bh4 Rxf4 30. Qxg6 Rf7 31. Ref1 Ref8 32. Bf6 Qc7 33. Bxg7
Ng3+ 34. Kg2 Rxg7 35. Qxe6+ Rff7 36. Qe8+ Kh7 37. Rxf7 Rxf7 38. Re1 Ne4 0-1

[Event "FIDE Open A - Konik"]
[Site "?"]
[Date "2013.05.01"]
[Round "5.13"]
[White "Kubík, Michael"]
[Black "Veselý, Martin"]
[Result "1-0"]
[ECO "B33"]
[WhiteElo "2111"]
[BlackElo "2178"]
[PlyCount "79"]
[EventDate "2013.??.??"]
[TimeControl "6000+1455"]
[WhiteClock "0:01:22"]
[BlackClock "0:06:11"]

1. e4 c5 2. Nf3 Nc6 3. d4 cxd4 4. Nxd4 Nf6 5. Nc3 e5 6. Ndb5 d6 7. Bg5 a6 8.
Na3 b5 9. Bxf6 gxf6 10. Nd5 f5 11. c3 Bg7 12. exf5 Bxf5 13. Nc2 O-O 14. Nce3
Bg6 15. h4 Be4 16. h5 Bxd5 17. h6 Be4 18. hxg7 Kxg7 19. Qg4+ Bg6 20. Bd3 Ne7
21. Bxg6 hxg6 22. Qg5 f6 23. Qh6+ Kf7 24. O-O-O Ke6 25. Qh3+ f5 26. g4 Rh8 27.
gxf5+ gxf5 28. Qf3 Qa5 29. Kb1 Rag8 30. Qb7 Qa4 31. b4 Rxh1 32. Rxh1 Qa3 33.
Rh6+ Rg6 34. Rxg6+ Nxg6 35. Qc8+ Kf6 36. Qxf5+ Kg7 37. Nd5 a5 38. Qd7+ Kh6 39.
Qxd6 axb4 40. Ne7 1-0